 Dungeon Crawl Stone Soup version 0.17.0-57-g0e89251 (webtiles) character file.

93 septik the Chopper (level 4, -4/35 HPs)
             Began as a Demonspawn Fighter on Dec 8, 2015.
             Was an Initiate of Okawaru.
             Slain by an iguana (6 damage)
             ... on level 4 of the Dungeon.
             The game lasted 00:03:11 (1904 turns).

septik the Chopper (Demonspawn Fighter)             Turns: 1904, Time: 00:03:11

Health: -4/35      AC:  6    Str: 18    XL:     4   Next: 37%
Magic:  4/4        EV:  7    Int:  9    God:    Okawaru [......]
Gold:   158        SH:  9    Dex: 14    Spells: 0 memorised, 3 levels left

rFire  . . .     SeeInvis .     a - +0 war axe
rCold  . . .     Clarity  .     b - +0 scale mail
rNeg   . . .     SustAt   .     c - +0 shield
rPois  .         Gourm    .     (no helmet)
rElec  .         Spirit   .     (no cloak)
rCorr  .         Warding  .     (no gloves)
rMut   .         Stasis   .     (no boots)
MR     .....                    (no amulet)
Stlth  ++........               (no ring)
                                (no ring)

@: not resistant to hostile enchantments, unstealthy
A: thin skeletal structure 1, nightstalker 1
a: Renounce Religion


You were on level 4 of the Dungeon.
You worshipped Okawaru.
Okawaru was noncommittal.
You were not hungry.

You visited 1 branch of the dungeon, and saw 4 of its levels.

You collected 158 gold pieces.

Inventory:

Hand Weapons
 a - a +0 war axe (weapon)
Missiles
 i - 101 stones (quivered)
Armour
 b - a +0 scale mail (worn)
 c - a +0 shield (worn)
Jewellery
 f - an uncursed amulet of guardian spirit {unknown}
 m - an uncursed ring of positive energy {unknown}
Scrolls
 g - 3 scrolls of identify {unknown}
 h - a scroll of teleportation {unknown}
 k - a scroll of remove curse {unknown}
 l - a scroll of fog {unknown}
 q - a scroll of blinking {unknown}
Potions
 d - a potion of might
 j - a potion of curing {unknown}
 n - a potion of poison {unknown}
 p - a potion of lignification {unknown}
 t - a potion of heal wounds {unknown}
Comestibles
 e - 5 bread rations
 o - a slice of pizza
 r - 3 fruits
 s - 10 chunks of flesh


   Skills:
 - Level 3.0 Fighting
 + Level 4.2 Axes
 - Level 2.6 Armour
 - Level 2.6 Shields


You had 3 spell levels left.
You didn't know any spells.

Dungeon Overview and Level Annotations

Branches:
Dungeon (4/15)
 Temple: D:4-7

Altars:
Fedhas
Okawaru
Yredelemnul

Annotations:
D:3 Grinder


Innate Abilities, Weirdness & Mutations

You have a somewhat thin skeletal structure (Dex +2, Stealth).
You are slightly more attuned to the shadows.


Message History

You are too injured to fight recklessly!
You are too injured to fight recklessly!
You are too injured to fight recklessly!
You are too injured to fight recklessly!
You are too injured to fight recklessly!
You are too injured to fight recklessly!
You are too injured to fight recklessly!
You are too injured to fight recklessly!
You are too injured to fight recklessly!
You closely miss the iguana. You block the iguana's attack.
The iguana bites you.
You closely miss the iguana. The iguana bites you.
You closely miss the iguana. The iguana bites you.
* * * LOW HITPOINT WARNING * * *
You hit the iguana.
The iguana is moderately wounded.
The iguana bites you.
* * * LOW HITPOINT WARNING * * *
The iguana bites you.
You die...

##...............
#................
#.........).?....
#....<..)).......
#........).......
#........).......
#.....>..........
##..............#
##.....##@....##
#########l#.##
...# #.... ....#
.##.# # .$


You could see an iguana.

Vanquished Creatures
  Ijyb (D:2)
  An adder (D:2)
  3 worms
  7 orcs (D:4)
  A bat (D:3)
  3 giant cockroaches
  3 goblins
  5 hobgoblins
  8 kobolds (D:1)
  3 giant newts
  3 quokkas (D:2)
  3 rats
41 creatures vanquished.

Notes
Turn   | Place    | Note
--------------------------------------------------------------
     0 | D:1      | septik the Demonspawn Fighter began the quest for the Orb.
     0 | D:1      | Reached XP level 1. HP: 18/18 MP: 1/1
   313 | D:1      | Gained mutation: You have a somewhat thin skeletal structure (Dex +2, Stealth). [demonic ancestry]
   313 | D:1      | Reached XP level 2. HP: 20/24 MP: 2/2
  1066 | D:2      | Gained mutation: You are slightly more attuned to the shadows. [demonic ancestry]
  1066 | D:2      | Reached XP level 3. HP: 29/29 MP: 3/3
  1078 | D:2      | Found a blossoming altar of Fedhas.
  1079 | D:2      | Found an iron altar of Okawaru.
  1080 | D:2      | Found a basalt altar of Yredelemnul.
  1096 | D:2      | Became a worshipper of Warmaster Okawaru
  1137 | D:2      | Noticed Ijyb
  1582 | D:2      | Killed Ijyb
  1582 | D:2      | Reached XP level 4. HP: 30/35 MP: 4/4
  1667 | D:3      | Reached skill level 4 in Axes
  1752 | D:3      | Noticed Grinder
  1904 | D:4      | Slain by an iguana

Action                   |  1- 3 |  4- 6 || total
-------------------------+-------+-------++-------
Melee: War axe           |   111 |    28 ||   139
 Stab: Sleeping          |       |     3 ||     3
  Eat: Chunk             |     1 |     2 ||     3
